 Dungeon Crawl Stone Soup version 0.18.1-6-gd335043 (console) character file.

1999 MenacingMecha the Arsonist (level 9, 0/47 HPs)
             Began as a Deep Elf Fire Elementalist on May 19, 2016.
             Was a Believer of Vehumet.
             Slain by a wyvern (14 damage)
             ... on level 8 of the Dungeon on May 20, 2016.
             The game lasted 01:04:50 (8190 turns).

MenacingMecha the Arsonist (DEFE)                   Turns: 8190, Time: 01:04:51

Health: 0/47       AC:  9    Str:  8    XL:     9   Next: 2%
Magic:  6/22       EV: 13    Int: 21    God:    Vehumet [**....]
Gold:   290        SH:  0    Dex: 15    Spells: 7 memorised, 4 levels left

rFire  . . .     SeeInvis .     A - +2 trident (protect)
rCold  . . .     Gourm    .     a - +0 robe
rNeg   . . .     Faith    .     (no shield)
rPois  .         Spirit   .     (no helmet)
rElec  .         Dismiss  .     j - +1 cloak
rCorr  .         Reflect  .     (no gloves)
SustAt .         Harm     .     (no boots)
MR     .....                    (no amulet)
Stlth  ++........               (no ring)
                                (no ring)

@: not resistant to hostile enchantments, unstealthy
A: no striking features
a: Renounce Religion


You were on level 8 of the Dungeon.
You worshipped Vehumet.
Vehumet was pleased with you.
You were hungry.

You visited 1 branch of the dungeon, and saw 8 of its levels.

You collected 345 gold pieces.
You spent 55 gold pieces at shops.

Inventory:

Hand Weapons
 r - a +1 falchion of flaming
   (You found it on level 3 of the Dungeon)
 w - a +4 flail
   (You took it off Terence on level 3 of the Dungeon)
 A - a +2 trident of protection (weapon)
   (You found it on level 3 of the Dungeon)
Missiles
 k - 3 exploding tomahawks (quivered)
 H - a throwing net
Armour
 a - a +0 robe (worn)
 j - a +1 cloak (worn)
   (You found it on level 1 of the Dungeon)
Magical Staves
 q - an uncursed staff of poison {rPois}
   (You found it on level 3 of the Dungeon)
Wands
 B - a wand of digging (7/24)
   (You took it off Natasha on level 3 of the Dungeon)
 C - a wand of flame (17/48)
   (You took it off an orc on level 4 of the Dungeon)
Scrolls
 e - a scroll of enchant weapon {unknown}
 f - a scroll of recharging {unknown}
 h - 3 scrolls of amnesia {unknown}
 i - a scroll of enchant armour
 l - 5 scrolls of remove curse
 m - a scroll of noise {unknown}
 n - 4 scrolls of identify {unknown}
 p - 4 scrolls of teleportation {unknown}
 y - a scroll of magic mapping {unknown}
 E - 3 scrolls of fear {unknown}
Potions
 g - 2 potions of ambrosia
 s - a potion of haste {unknown}
 t - 2 potions of lignification {unknown}
 u - 2 potions of curing
 v - 2 potions of brilliance {unknown}
 x - 2 potions of heal wounds
 z - a potion of agility {unknown}
 F - 2 potions of berserk rage {unknown}
 G - a potion of invisibility {unknown}
Books
 b - a book of Flames
 I - a book of Enchantments
   (You found it on level 6 of the Dungeon)
Comestibles
 c - 6 bread rations
 d - a chunk of flesh
 o - 6 fruits
 D - 3 meat rations


   Skills:
 - Level 1.0 Fighting
 - Level 3.0 Dodging
 - Level 2.4 Stealth
 + Level 7.4 Spellcasting
 + Level 7.8 Conjurations
 + Level 8.8 Fire Magic


You had 4 spell levels left.
You knew the following spells:

 Your Spells              Type           Power        Failure   Level  Hunger
a - Flame Tongue          Conj/Fire      #####        1%          1    None
b - Magic Dart            Conj           ####         1%          1    None
c - Conjure Flame         Conj/Fire      #####...     1%          3    None
d - Searing Ray           Conj           #####.       1%          2    None
f - Fireball              Conj/Fire      #####.....   10%         5    #####..
s - Sticky Flame          Conj/Fire      #####...     2%          4    ###....
x - Throw Flame           Conj/Fire      #####.       1%          2    None


Dungeon Overview and Level Annotations

Branches:
Dungeon (8/15)             Temple (0/1) D:6
   Lair: D:8-11

Altars:
Elyvilon
Kikubaaqudgha
Makhleb
Qazlal
Ru
Vehumet
Yredelemnul
Zin
The Shining One

Shops:
D:5 *   D:6 !   D:7 }


Message History

Aiming: Flame Tongue
Press: ? - help, Shift-Dir - straight line, f/p - wyvern
Aim: a wyvern (moderately wounded)
The flame tongue hits the wyvern.
The wyvern is moderately wounded.
Casting: Flame Tongue
Confirm with . or Enter, or press ? or * to list all spells.
Aiming: Flame Tongue
Press: ? - help, Shift-Dir - straight line, f/p - wyvern
Aim: a wyvern (moderately wounded)
The flame tongue misses the wyvern.
Casting: Flame Tongue
Confirm with . or Enter, or press ? or * to list all spells.
Aiming: Flame Tongue
Press: ? - help, Shift-Dir - straight line, f/p - wyvern
Aim: a wyvern (moderately wounded)
The flame tongue hits the wyvern.
The wyvern is heavily wounded.
Casting: Flame Tongue
Confirm with . or Enter, or press ? or * to list all spells.
Aiming: Flame Tongue
Press: ? - help, Shift-Dir - straight line, f/p - wyvern
Aim: a wyvern (heavily wounded)
The flame tongue hits the wyvern.
The wyvern appears unharmed.
The wyvern is heavily wounded.
The wyvern barely misses you.
Casting: Flame Tongue
Confirm with . or Enter, or press ? or * to list all spells.
Aiming: Flame Tongue
Press: ? - help, Shift-Dir - straight line, f/p - wyvern
Aim: a wyvern (heavily wounded)
The flame tongue misses the wyvern.
The wyvern closely misses you. The wyvern bites you.
Casting: Flame Tongue
Confirm with . or Enter, or press ? or * to list all spells.
Aiming: Flame Tongue
Press: ? - help, Shift-Dir - straight line, f/p - wyvern
Aim: a wyvern (heavily wounded)
The flame tongue misses the wyvern.
You are feeling hungry.
The wyvern misses you.
Casting: Flame Tongue
Confirm with . or Enter, or press ? or * to list all spells.
Aiming: Flame Tongue
Press: ? - help, Shift-Dir - straight line, f/p - wyvern
Aim: a wyvern (heavily wounded)
The flame tongue hits the wyvern.
The wyvern is severely wounded.
The wyvern barely misses you. The wyvern closely misses you.
Casting: Flame Tongue
Confirm with . or Enter, or press ? or * to list all spells.
Aiming: Flame Tongue
Press: ? - help, Shift-Dir - straight line, f/p - wyvern
Aim: a wyvern (severely wounded)
The flame tongue hits the wyvern.
The wyvern appears unharmed.
The wyvern is severely wounded.
The wyvern misses you.
Casting: Flame Tongue
Confirm with . or Enter, or press ? or * to list all spells.
Aiming: Flame Tongue
Press: ? - help, Shift-Dir - straight line, f/p - wyvern
Aim: a wyvern (severely wounded)
The flame tongue hits the wyvern.
The wyvern appears unharmed.
The wyvern is severely wounded.
The wyvern barely misses you. The wyvern misses you.
Casting: Flame Tongue
Confirm with . or Enter, or press ? or * to list all spells.
Aiming: Flame Tongue
Press: ? - help, Shift-Dir - straight line, f/p - wyvern
Aim: a wyvern (severely wounded)
The flame tongue hits the wyvern.
The wyvern appears unharmed.
The wyvern is severely wounded.
The wyvern bites you.
Casting: Flame Tongue
Confirm with . or Enter, or press ? or * to list all spells.
Aiming: Flame Tongue
Press: ? - help, Shift-Dir - straight line, f/p - wyvern
Aim: a wyvern (severely wounded)
The flame tongue hits the wyvern.
The wyvern appears unharmed.
The wyvern is severely wounded.
The wyvern bites you! x2
Casting: Flame Tongue
Confirm with . or Enter, or press ? or * to list all spells.
Aiming: Flame Tongue
Press: ? - help, Shift-Dir - straight line, f/p - wyvern
Aim: a wyvern (severely wounded)
The flame tongue hits the wyvern.
The wyvern is almost dead.
The wyvern bites you.
* * * LOW HITPOINT WARNING * * *
Casting: Flame Tongue
Confirm with . or Enter, or press ? or * to list all spells.
Aiming: Flame Tongue
Press: ? - help, Shift-Dir - straight line, f/p - wyvern
Aim: a wyvern (almost dead)
The flame tongue hits the wyvern.
The wyvern appears unharmed.
The wyvern is almost dead.
The wyvern hisses menacingly.
The wyvern closely misses you. The wyvern bites you!
You die...

.# #..# .#..
..# # ...... .
###.#....
....#+#<.......
#....@.......
#....l....(..
#.......###..
#.......# .
#....##.# #####
?# .# ..


You could see a wyvern.

Vanquished Creatures
  Grinder (D:3)
  A wyvern (D:8)
  An orc warrior (D:6)
  5 ice beasts
  An ogre (D:5)
  A centaur (D:7)
  A scorpion (D:4)
  5 howler monkeys
  2 crimson imps
  A centaur zombie (D:5)
  2 giant frog skeletons
  A jelly (D:6)
  A hound (D:6)
  2 orc wizards
  Terence (D:3)
  Natasha (thrice) (D:3)
  An iguana (D:5)
  2 worker ants
  4 gnolls (D:5)
  5 adders
  A howler monkey skeleton (D:7)
  3 shadow imps
  2 adder zombies
  2 adder skeletons
  4 worms
  3 dart slugs
  6 giant geckos
  7 orcs
  4 ball pythons
  7 bats
  10 giant cockroaches
  10 goblins
  11 hobgoblins
  15 jackals
  2 quokkas
  A giant gecko skeleton (D:7)
  2 giant gecko zombies
  4 giant newts
  8 kobolds
  A quokka skeleton (D:4)
  5 rats
149 creatures vanquished.

Notes
Turn   | Place    | Note
--------------------------------------------------------------
     0 | D:1      | MenacingMecha the Deep Elf Fire Elementalist began the quest for the Orb.
     0 | D:1      | Reached XP level 1. HP: 10/10 MP: 6/6
     2 | D:1      | Noticed a ghoul
     2 | D:1      | Noticed a centaur
     4 | D:1      | Noticed a naga
     6 | D:1      | Noticed a tengu
     8 | D:1      | Noticed a spriggan
     8 | D:1      | Noticed an ogre
    10 | D:1      | Noticed an octopode
    10 | D:1      | Noticed a demigod
    12 | D:1      | Noticed a merfolk
    12 | D:1      | Noticed a gargoyle
    14 | D:1      | Noticed a human
    14 | D:1      | Noticed a halfling
    16 | D:1      | Noticed a vampire
    16 | D:1      | Noticed a minotaur
    18 | D:1      | Noticed a vine stalker
    18 | D:1      | Noticed a demonspawn
    20 | D:1      | Noticed an elf
    20 | D:1      | Noticed a draconian
    22 | D:1      | Noticed a troll
    22 | D:1      | Noticed a felid
    24 | D:1      | Noticed a formicid
    26 | D:1      | Noticed a dwarf
   267 | D:1      | Reached XP level 2. HP: 15/15 MP: 6/8
   363 | D:1      | Learned a level 2 spell: Throw Flame
   625 | D:1      | Reached skill level 4 in Fire Magic
   839 | D:1      | Reached XP level 3. HP: 19/19 MP: 3/10
   967 | D:1      | Reached skill level 2 in Conjurations
  1214 | D:1      | Learned a level 3 spell: Conjure Flame
  1710 | D:2      | Reached skill level 4 in Spellcasting
  1782 | D:2      | Found a glowing golden altar of the Shining One.
  1782 | D:2      | Found a glowing silver altar of Zin.
  1782 | D:2      | Found a white marble altar of Elyvilon.
  2001 | D:2      | Reached XP level 4. HP: 19/24 MP: 4/12
  2011 | D:2      | Learned a level 4 spell: Sticky Flame
  3009 | D:3      | Noticed Grinder
  3013 | D:3      | HP: 3/24 [Grinder/nerve-wracking pain (8)]
  3025 | D:3      | Killed Grinder
  3025 | D:3      | Reached skill level 5 in Spellcasting
  3025 | D:3      | Reached skill level 3 in Conjurations
  3025 | D:3      | Reached skill level 5 in Fire Magic
  3025 | D:3      | Reached XP level 5. HP: 19/28 MP: 10/15
  3025 | D:3      | Reached XP level 6. HP: 21/32 MP: 10/16
  3032 | D:3      | Learned a level 5 spell: Fireball
  3037 | D:3      | Noticed Natasha
  3192 | D:3      | Found a burning altar of Makhleb.
  3193 | D:3      | Found a radiant altar of Vehumet.
  3449 | D:3      | Noticed Terence
  3458 | D:3      | Killed Terence
  3855 | D:3      | Killed Natasha
  3855 | D:3      | Reached skill level 4 in Conjurations
  3904 | D:3      | Noticed Natasha
  3907 | D:3      | Killed Natasha
  3907 | D:3      | Reached skill level 6 in Spellcasting
  3987 | D:3      | Became a worshipper of Vehumet
  4309 | D:3      | Noticed Natasha
  4310 | D:3      | Killed Natasha
  4565 | D:4      | Found a basalt altar of Yredelemnul.
  4569 | D:4      | Found an ancient bone altar of Kikubaaqudgha.
  4751 | D:4      | Reached skill level 6 in Fire Magic
  4751 | D:4      | Reached XP level 7. HP: 36/36 MP: 13/18
  5278 | D:5      | Entered Level 5 of the Dungeon
  5387 | D:5      | Reached skill level 3 in Dodging
  5585 | D:5      | Found a stormy altar of Qazlal.
  6003 | D:5      | Reached * piety under Vehumet
  6003 | D:5      | Offered knowledge of Magic Dart by Vehumet.
  6003 | D:5      | Reached skill level 1 in Fighting
  6003 | D:5      | Reached skill level 5 in Conjurations
  6167 | D:5      | Found Guynk's Assorted Antiques.
  6266 | D:5      | Reached skill level 7 in Fire Magic
  6436 | D:6      | Found a staircase to the Ecumenical Temple.
  6580 | D:6      | Reached XP level 8. HP: 43/43 MP: 13/19
  6704 | D:6      | Reached skill level 6 in Conjurations
  6910 | D:6      | Found Vuhaw's Distillery.
  6919 | D:6      | Bought a potion of heal wounds for 55 gold pieces
  6999 | D:6      | Learned a level 1 spell: Magic Dart
  7414 | D:7      | Found Tuotsefo's Gadget Boutique.
  7471 | D:7      | Reached skill level 8 in Fire Magic
  7523 | D:7      | Reached skill level 7 in Conjurations
  7632 | D:7      | Offered knowledge of Searing Ray by Vehumet.
  7739 | D:7      | Reached ** piety under Vehumet
  7750 | D:7      | Reached skill level 7 in Spellcasting
  7754 | D:7      | Learned a level 2 spell: Searing Ray
  8112 | D:7      | Found a sacrificial altar of Ru.
  8175 | D:8      | Reached XP level 9. HP: 41/47 MP: 18/22
  8190 | D:8      | Slain by a wyvern

Skill      XL: |  1  2  3  4  5  6  7  8 |
---------------+-------------------------+-----
Fire Magic     | 4 5 6 7 8 |  8.8
Conjurations   | 2 3 4 5 7 |  7.8
Spellcasting   | 4 5 6 7 |  7.4
Dodging        | 3 |  3.0
Fighting       | 1 |  1.0
Stealth        | |  2.4

Action                   |  1- 3 |  4- 6 |  7- 9 || total
-------------------------+-------+-------+-------++-------
Melee: Dagger            |    71 |    47 |       ||   118
       Falchion          |       |    33 |       ||    33
       Flail             |       |    23 |       ||    23
       Trident           |       |    15 |   118 ||   133
 Cast: Flame Tongue      |    53 |    59 |   120 ||   232
       Throw Flame       |     9 |    18 |    30 ||    57
       Conjure Flame     |       |     1 |     6 ||     7
       Magic Dart        |       |       |    11 ||    11
  Use: Potion            |       |     3 |       ||     3
       Scroll            |       |     1 |     2 ||     3
 Stab: Sleeping          |     1 |     2 |     1 ||     4
  Eat: Chunk             |     4 |     8 |     7 ||    19
       Fruit             |       |     1 |       ||     1
       Beef jerky        |       |       |     2 ||     2
Armor: Robe              |    21 |    22 |    46 ||    89
Dodge: Dodged            |    61 |    87 |    80 ||   228

Vault maps used:
D:1:      kb_arrival_jail
D:2:      good_gods_mini_temple
D:3:      grunt_temple_overflow_lords_of_destruction, first_bread,
          serial_co_window_serial, co_window_corner_a, co_window_paths_a,
          co_window_corner_a, co_window_paths_b, co_window_corner_a,
          co_window_broadway_a, co_window_corner_ca, co_window_unsneaky_path_d,
          co_window_broadway_b, co_window_paths_d, glass_columns_b,
          glass_columns_b, glass_columns_a, glass_columns_a, glass_columns_a,
          kennysheep_generic_room_3, uniq_terence, uniq_natasha, uniq_grinder
D:4:      nicolae_overflow_hidden_temple,
          hangedman_abyss_or_decor_jellyfish_corner
D:5:      overflow_temple_1_default, serial_shops, shop
D:6:      minmay_temple_entry_glass, serial_shops, nicolae_shop_crystal
D:7:      kennysheep_mini, serial_shops, shop
D:8:      minitemple, the_bakery

Table legend:
 A = Turns spent in this place as a percentage of turns spent in the entire game.
 B = Non-inter-level travel turns spent in this place as a percentage of non-inter-level travel turns spent in the entire game.
 C = Inter-level travel turns spent in this place as a percentage of turns spent in this place.
 D = Turns resting spent in this place as a percentage of non-inter-level travel turns spent in this place.
 E = Turns spent auto-exploring this place as a percentage of non-inter-level travel turns spent in this place.
 F = Non-inter-level travel turns spent in this place divided by the number of levels of this place that you've seen.
                   A       B       C       D       E      F
               +-------+-------+-------+-------+-------+----------------------
         Total | 100.0 | 100.0 |   1.0 |   3.1 |   0.3 | 544.0
       Dungeon | 100.0 | 100.0 |   1.0 |   3.1 |   0.3 | 544.0
               +-------+-------+-------+-------+-------+----------------------

Table legend:
 A = Kills in this place as a percentage of kills in entire the game.
 B = Kills by you in this place as a percentage of kills by you in the entire game.
 C = Kills by friends in this place as a percentage of kills by friends in the entire game.
 D = Other kills in this place as a percentage of other kills in the entire game.
 E = Experience gained in this place as a percentage of experience gained in the entire game.
 F = Experience gained in this place divided by the number of levels of this place that you have seen.
                   A       B       C       D       E      F
               +-------+-------+-------+-------+-------+----------------------
         Total | 100.0 | 100.0 |  -nan |  -nan | 100.0 | 357.1
       Dungeon | 100.0 | 100.0 |  -nan |  -nan | 100.0 | 357.1
               +-------+-------+-------+-------+-------+----------------------
